 Dungeon Crawl Stone Soup version 0.25-a0-734-g73332ae (webtiles) character file.

Game seed: 15309972264017121226, levelgen mode: deterministic

27 JarJarBinks the Shooter (level 2, -8/25 HPs)
             Began as a Minotaur Hunter on Apr 10, 2020.
             Mangled by Sigmund
             ... wielding a +0 scythe
              (10 damage)
             ... on level 2 of the Dungeon.
             The game lasted 00:02:38 (381 turns).

JarJarBinks the Shooter (Minotaur Hunter)            Turns: 381, Time: 00:02:39

Health: -8/25      AC:  3    Str: 16    XL:     2   Next: 93%
Magic:  1/1        EV: 12    Int:  8    God:
Gold:   15         SH:  0    Dex: 10    Spells: 1/1 levels left

rFire    . . .     SeeInvis .   b - +0 short sword
rCold    . . .     Gourm    .   (no shield)
rNeg     . . .     Faith    .   c - +0 leather armour
rPois    .         Spirit   .   (helmet restricted)
rElec    .         Reflect  .   (no cloak)
rCorr    .         Harm     .   (no gloves)
MR       .....                  (no boots)
Stlth    +.........             (no amulet)
HPRegen  0.08/turn              (no ring)
MPRegen  0.07/turn              (no ring)

@: lethally poisoned (-8 -> -10)
A: retaliatory headbutt, horns 2
a: no special abilities


You were on level 2 of the Dungeon.
You were not hungry.

You visited 1 branch of the dungeon, and saw 2 of its levels.

You collected 15 gold pieces.

Inventory:

Hand Weapons
 a - a +1 shortbow
 b - a +0 short sword (weapon)
Missiles
 d - 38 arrows
Armour
 c - a +0 leather armour (worn)
Jewellery
 i - an uncursed ring of positive energy {unknown}
Scrolls
 e - a scroll of blinking {unknown}
 h - a scroll of identify {unknown}
 j - 2 scrolls of fog {unknown}
Potions
 g - a potion of might {unknown}
Comestibles
 f - 4 rations


   Skills:
 + Level 2.9 Fighting
 + Level 5.1 Bows
 + Level 2.4 Dodging
 + Level 0.7 Stealth


You had one spell level left.
You didn't know any spells.
Your spell library was empty.

Dungeon Overview and Level Annotations

Branches:
Dungeon (1/15)

Altars:

Annotations:
D:2 Sigmund


Innate Abilities, Weirdness & Mutations

You reflexively headbutt those who attack you in melee.
You have a pair of horns on your head.


Message History

The adder bites you.
Firing (i - inventory)
d - 40 arrows (quivered)
Press: ? - help, Shift-Dir - straight line, f/p - adder
Aim: an adder (lightly wounded)
You shoot an arrow. The arrow hits the adder!
The adder is almost dead.
The adder barely misses you. Something hits you!
* * * LOW HITPOINT WARNING * * *
The adder closely misses you.
Firing (i - inventory)
d - 39 arrows (quivered)
Press: ? - help, Shift-Dir - straight line, f/p - adder
Aim: an adder (almost dead)
You shoot an arrow. The arrow hits the adder!
You kill the adder!
Your Bows skill increases to level 5!
* * * LOW HITPOINT WARNING * * *
You feel sick.
b - a +0 short sword (weapon)
Something hits you!
You die...

#. ######...........#
##.##....).........!.#
#.......##...........#
#....†..##...#.#.....#
#.......###.......####
#.......###..#.#.## ###
#.......##.......# ...#
#.......##......##....##
#.......##..@((.?...(...
#.......##..^...##(...##
#.......####.....# ...#
#.......# #.###.# .(#
#.......####.# ## .#
##.####.#....# # #.
###.#.#<## #. #.....###
#. #.......#


There were no monsters in sight!

Vanquished Creatures
  An adder (D:2)
  A leopard gecko (D:1)
  A bat (D:1)
  3 giant cockroaches
  4 goblins
  4 frilled lizards
  2 kobolds
  A rat (D:2)
17 creatures vanquished.

Notes
Turn   | Place    | Note
-------+----------+-------------------------------------------
     0 | D:1      | JarJarBinks the Minotaur Hunter began the quest for the
                  | Orb.
     0 | D:1      | Reached XP level 1. HP: 18/18 MP: 0/0
   163 | D:1      | Reached XP level 2. HP: 23/25 MP: 1/1
   264 | D:1      | You fall into a shaft and drop 1 floor!
   373 | D:2      | Noticed Sigmund
   380 | D:2      | Reached skill level 5 in Bows
   381 | D:2      | Mangled by Sigmund

Levels and vault maps discovered:
D:1:      tarquinn_simple_flora_water_e, layout_loops_ring,
          minmay_misc_feat_hallway, chequers_serial_rivers_micro_e
D:2:      layout_basic, bloody_trog, serial_glass, glass_columns_b,
          glass_columns_a, glass_columns_c, glass_columns_a, glass_columns_b,
          glass_columns_a, chequers_ecumenical_altar_lobes, minmay_diced_spiral,
          uniq_terence, uniq_sigmund

Skill      XL: |  1  2 |
---------------+-------+-----
Bows           | 5 |  5.1
Fighting       | |  2.9
Dodging        | |  2.4
Stealth        | |  0.7

Action                   || total
-------------------------++-------
Melee: Short sword       ||    23
       Headbutt          ||     3
 Fire: Shortbow          ||    15
Armor: Leather armour    ||     7
Dodge: Dodged            ||    16

Table legend:
 A = Non-vault XP
 B = Vault XP
 C = Vault XP percentage of total XP
 D = Non-vault monster count
 E = Vault monster count
 F = Vault count percentage of total count
                 A         B        C        D         E       F
            +---------+---------+-------+---------+---------+-------
      Total |      39 |       0 |   0.0 |      17 |       0 |   0.0
            +---------+---------+-------+---------+---------+-------
        D:1 |      16 |       0 |   0.0 |       9 |       0 |   0.0
        D:2 |      23 |       0 |   0.0 |       8 |       0 |   0.0
            +---------+---------+-------+---------+---------+-------
